Map: Dusk Towers

Players

Miszu - Winner!

  • Race: Terran Terran
  • League: Grandmaster

Buffbefehl

  • Race: Protoss Protoss
  • League: Master

VOD

Have the link to the VOD?

Description

Time

  • Played on: May 19, 2016, 11:23 a.m.
  • Length: 11:02
Show
View Real Time Build Order
Export as new Build Order

Miszu Terran - Winner!

Build Orders: MMM Bio 

Get SALT Encoding   

  12  0:01  SCV  
  13  0:13  SCV  
  14  0:17  Supply Depot  
  14  0:26  SCV  
  15  0:39  SCV  
  15  0:40  Barracks  
  16  0:51  SCV  
  17  1:06  SCV  
  18  1:16  Command Center  
  18  1:27  Orbital Command  
  18  1:29  Marine  
  19  1:43  Barracks  
  19  1:49  Barracks  
  19  1:50  Marine  
  19  1:54  SCV  
  21  2:07  SCV  
  21  2:08  Marine  
  22  2:12  Refinery x2  
  23  2:28  Marine, SCV  
  25  2:34  Orbital Command  
  25  2:36  Marine x2  
  27  2:40  SCV  
  28  2:48  Marine  
  29  2:52  SCV  
  29  2:54  Marine  
  29  2:55  Barracks Tech Lab  
  31  3:04  SCV  
  31  3:05  Supply Depot, Marine, SCV  
  33  3:12  Marine  
  35  3:13  Marine  
  35  3:17  SCV x2  
  35  3:19  Stimpack  
  38  3:26  Marine  
  39  3:29  Supply Depot  
  39  3:31  Factory  
  39  3:33  SCV  
  40  3:34  SCV  
  40  3:39  Marine x2  
  43  3:45  SCV  
  44  3:53  Marine  
  45  3:57  Marine, SCV  
  45  3:58  SCV  
  45  3:59  Supply Depot  
  48  4:05  Refinery  
  48  4:08  Engineering Bay  
  48  4:09  SCV  
  49  4:10  Marine  
  49  4:11  Marine  
  49  4:16  SCV  
  53  4:18  Starport, Factory Reactor  
  53  4:21  SCV  
  53  4:23  Supply Depot  
  54  4:28  SCV  
  54  4:29  Barracks Reactor, Marauder  
  56  4:33  SCV  
  56  4:34  Terran Infantry Weapons Level 1  
  56  4:35  Barracks Tech Lab  
  57  4:41  Missile Turret  
  57  4:44  SCV, Missile Turret  
  58  4:48  SCV  
  58  4:51  Supply Depot  
  61  4:53  Marauder  
  61  4:56  SCV  
  62  5:00  SCV  
  62  5:01  Factory Reactor  
  62  5:02  Medivac x2  
  62  5:06  Marine x2  
  69  5:12  Supply Depot  
  69  5:14  Supply Depot  
  69  5:15  Combat Shields  
  69  5:17  SCV  
  69  5:20  SCV  
  71  5:29  SCV  
  71  5:31  Command Center  
  72  5:44  Marine x2  
  72  5:45  Medivac, Marauder x2  
  72  5:46  Medivac  
  72  5:48  SCV  
  83  5:53  Supply Depot, Refinery  
  83  5:55  SCV  
  83  5:56  Supply Depot  
  84  6:02  Concussive Shells  
  84  6:12  Marauder x2, Widow Mine x2  
  84  6:14  Marine x2  
  93  6:18  Barracks  
  93  6:22  Barracks  
  93  6:32  Marine x2  
  94  6:34  Marauder  
  94  6:35  Supply Depot  
  94  6:37  SCV x2  
  94  6:38  Supply Depot  
  99  6:41  Terran Infantry Armor Level 1  
  99  6:47  Orbital Command  
  99  6:49  SCV  
  99  6:50  SCV  
  99  6:52  Medivac  
  103  7:00  Marauder  
  103  7:01  SCV  
  106  7:02  SCV  
  106  7:03  Medivac  
  106  7:04  Marine  
  110  7:13  SCV  
  110  7:15  SCV  
  112  7:22  Marine, Marauder  
  108  7:23  Medivac, Marauder  
  110  7:33  Medivac  
  110  7:34  Marine  
  110  7:35  Widow Mine x2  
  112  7:44  Marauder x2  
  112  7:47  Marine  
  112  7:49  Barracks Reactor, Barracks Tech Lab  
  112  7:54  Marine  
  112  7:55  Medivac  
  115  8:00  Barracks  
  115  8:01  Engineering Bay, Barracks x2  
  115  8:02  Armory  
  115  8:05  Marauder x2  
  119  8:08  Marauder  
  121  8:14  Marine x2, Widow Mine x2  
  121  8:15  Medivac  
  129  8:26  Marauder  
  131  8:28  Marine  
  131  8:29  Marine, Marauder x2  
  131  8:30  Medivac  
  131  8:31  Marine x2  
  134  8:46  Marine  
  134  8:47  Marine  
  134  8:48  Marauder  
  127  8:49  Marine  
  127  8:50  Marauder x2  
  132  9:01  Marine  
  126  9:04  Marine  
  126  9:07  Widow Mine  
  126  9:08  Medivac x2  
  126  9:09  Marauder  
  133  9:11  Marauder  
  133  9:12  Marauder  
  135  9:22  Barracks Tech Lab  
  131  9:27  Marine x4  
  131  9:28  Refinery x2, Marine x2  
  131  9:30  Marauder  
  134  9:33  Marauder, Marine, Command Center  
  134  9:38  Medivac  
  139  9:45  Marine x2  
  141  9:53  Barracks Reactor  
  141  9:57  Marine x6  
  141  9:58  Marauder  
  141  9:59  Supply Depot  
  149  10:00  Supply Depot  
  149  10:02  SCV  
  149  10:03  Marine x2, SCV x2  
  150  10:15  Marine, Ghost Academy  
  150  10:16  Marauder x2  
  150  10:18  SCV  
  156  10:28  Medivac x2  
  158  10:29  Marauder x2  
  164  10:37  Marauder  
  163  10:43  Marine  
Show
View Real Time Build Order
Export as new Build Order

Buffbefehl Protoss 

Build Orders: 1 Gate Expand, Double Forge, Blink Stalkers 

Get SALT Encoding   

  12  0:01  Probe (Chrono Boost)  
  13  0:11  Probe (Chrono Boost)  
  14  0:18  Pylon  
  14  0:22  Probe (Chrono Boost)  
  15  0:36  Probe (Chrono Boost)  
  15  0:37  Gateway  
  16  0:42  Assimilator  
  16  0:47  Probe (Chrono Boost)  
  17  0:57  Probe (Chrono Boost)  
  18  1:08  Probe (Chrono Boost)  
  19  1:19  Nexus  
  19  1:22  Probe (Chrono Boost)  
  20  1:33  Cybernetics Core  
  20  1:38  Probe (Chrono Boost)  
  21  1:40  Assimilator  
  21  1:49  Probe (Chrono Boost)  
  21  1:52  Pylon  
  22  1:59  Probe (Chrono Boost)  
  23  2:10  Mothership Core (Chrono Boost), Warp Gate  
  23  2:14  Adept  
  27  2:28  Probe (Chrono Boost)  
  28  2:31  Probe (Chrono Boost)  
  28  2:35  Twilight Council  
  29  2:39  Probe (Chrono Boost)  
  29  2:41  Probe (Chrono Boost)  
  31  2:48  Pylon  
  31  2:50  Probe (Chrono Boost)  
  32  2:52  Probe (Chrono Boost)  
  33  3:00  Probe (Chrono Boost)  
  33  3:03  Probe (Chrono Boost)  
  33  3:04  Robotics Facility  
  35  3:11  Probe (Chrono Boost)  
  36  3:13  Probe (Chrono Boost)  
  36  3:19  Gateway, Blink  
  37  3:20  Gateway  
  37  3:24  Probe x2 (Chrono Boost)  
  39  3:35  Probe x2 (Chrono Boost)  
  39  3:41  Pylon  
  41  3:44  Assimilator  
  41  3:45  Probe x2 (Chrono Boost)  
  43  3:51  Assimilator  
  43  3:52  Observer (Chrono Boost)  
  44  3:56  Probe x2  
  44  3:57  Pylon  
  46  4:08  Probe x2  
  48  4:14  Observer (Chrono Boost)  
  48  4:15  Stalker  
  48  4:16  Stalker x2  
  55  4:23  Probe x2  
  57  4:33  Forge  
  57  4:35  Forge  
  57  4:36  Probe  
  57  4:37  Probe  
  59  4:45  Nexus  
  59  4:48  Pylon  
  59  4:50  Sentry  
  59  4:51  Sentry  
  63  4:53  Sentry  
  63  4:56  Probe x2  
  67  5:00  Pylon  
  67  5:08  Probe x2  
  67  5:11  Warp Prism (Chrono Boost)  
  67  5:12  Protoss Ground Weapons Level 1 (Chrono Boost)  
  71  5:15  Protoss Ground Armor Level 1 (Chrono Boost)  
  71  5:22  Resonating Glaives  
  71  5:24  Probe x2  
  73  5:29  Pylon  
  73  5:36  Probe x2  
  73  5:38  Stalker x2  
  73  5:40  Stalker  
  81  5:48  Probe x2  
  83  5:51  Observer  
  83  5:55  Probe  
  85  6:00  Probe x2  
  85  6:04  Stalker x3  
  89  6:05  Probe  
  93  6:12  Probe  
  93  6:13  Probe  
  93  6:16  Probe  
  93  6:17  Assimilator  
  96  6:18  Assimilator  
  96  6:25  Probe x2  
  98  6:26  Probe  
  99  6:35  Gateway  
  99  6:36  Gateway  
  99  6:37  Probe x2  
  99  6:39  Gateway  
  101  6:40  Immortal  
  101  6:42  Gateway  
  101  6:43  Gateway  
  105  6:49  Pylon x2  
  105  6:53  Photon Cannon  
  105  6:56  Photon Cannon  
  105  7:00  Protoss Ground Weapons Level 2 (Chrono Boost)  
  105  7:01  Protoss Ground Armor Level 2 (Chrono Boost)  
  105  7:03  Templar Archives  
  104  7:22  Stalker x3  
  110  7:24  Immortal  
  105  7:46  Pylon  
  105  7:47  Pylon  
  105  7:50  Probe  
  105  7:52  Probe x2  
  105  7:54  Nexus  
  105  7:55  Pylon  
  105  7:56  Psionic Storm  
  105  7:57  Pylon  
  105  7:58  High Templar x3  
  114  8:07  Photon Cannon  
  114  8:09  Photon Cannon  
  114  8:12  Probe  
  114  8:13  Probe x2  
  114  8:17  Stargate  
  117  8:24  Adept x4  
  117  8:25  Adept  
  127  8:29  Probe  
  127  8:30  Mothership Core  
  127  8:31  Probe  
  115  8:43  Probe  
  115  8:44  Probe  
  115  8:46  Adept x3  
  115  8:47  Adept x2  
  115  9:07  Fleet Beacon  
  115  9:12  Probe  
  115  9:14  Probe x2  
  114  9:24  Adept x4  
  116  9:32  Pylon  
  116  9:34  Pylon  
  116  9:39  Probe x2  
  116  9:40  Pylon, Probe x2  
  120  9:49  Probe x2  
  120  9:52  Probe x2  
  123  10:00  Probe x2  
  123  10:04  Probe  
  125  10:10  Probe  
  125  10:11  Probe x2  
  128  10:15  High Templar x3  
  128  10:16  Probe  
  128  10:21  Probe  
  135  10:23  Probe  
  137  10:36  Nexus  
  137  10:40  Adept x3  
  139  10:46  Probe  
  139  10:48  Probe x2  
Tags
 
Add a new tag
Caveats
  • Supply blocks, unpowered buildings, or Contaminate may cause inaccurate times.
  • Supply counts are checked every 10 seconds.